 Dungeon Crawl Stone Soup version 0.32-a0-407-g4da7c8d6d1 (webtiles) character file.

Game seed: 3984901423650530999

129997 Alarak the Eclecticist (level 17, -26/127 HPs)
             Began as a Djinni Fire Elementalist on Aug 4, 2022.
             Was a Priest of Ashenzari.
             Blown up by an orb spider (53 damage)
             ... with an orb of destruction
             ... on level 3 of the Spider Nest on Feb 21, 2024.
             The game lasted 02:47:30 (33659 turns).

Alarak the Eclecticist (Djinni Fire Elementalist)  Turns: 33659, Time: 02:47:31

Health: -26/127    AC:  9    Str:  7    XL:     17   Next: 63%
Gold:   2240       EV: 17    Int: 24    God:    Ashenzari [***...] SH:  7 Dex: 15

rFire   + + .        V - staff of death
rCold   x . .        W - +0 buckler "Tethered Seer" {Self, Evo} (curse)
rNeg    + . .        Q - +3 troll leather armour of Desmomancy {Regen+, Self, Evo} (curse)
rPois   ∞            S - +1 helmet
rElec   .            (no cloak)
rCorr   .            M - +0 pair of gloves
SInv    +            (boots unavailable)
Will    ++...        P - amulet "Mantic Omen" {Regen+, Self, Cun} (curse)
Stlth   ++           N - ring "Ensconced Together" {Will+, Self, Cun} (curse)
HPRegen 2.01/turn    q - ring of Ashenzari's Gnosis {Wiz, Evo, Self} (curse)
MPRegen 0.00/turn

%: clarity, wizardry (x1), infuse magic (-27 HP)
@: flying, very slightly contaminated
A: sickness immunity, fire resistance 2, cold vulnerability 1, float, innate
caster, HP casting, extra vitality 1
a: Renounce Religion, Curse Item, Shatter the Chains


You were on level 3 of the Spider Nest.
You worshipped Ashenzari.
Ashenzari was most pleased with you.
You visited 5 branches of the dungeon, and saw 26 of its levels.

You collected 2295 gold pieces.
You spent 55 gold pieces at shops.

Inventory:

Armour
 n - the +3 buckler "Gussay" {rElec rC+ Int+3 Dex+3}
   (You acquired it on level 2 of the Orcish Mines)

   Int+3:     It affects your intelligence (+3).
   Dex+3:     It affects your dexterity (+3).
   rC+:       It protects you from cold.
   rElec:     It insulates you from electricity.
 M - a +0 pair of gloves (worn)
 Q - the cursed +3 troll leather armour of Desmomancy (worn) {Regen+, Self, Evo}
   (You found it on level 13 of the Dungeon)

   Regen+:    It increases your rate of health regeneration.
   It has a curse which improves the following skills: Introspection: Fighting
   and Spellcasting.
   Devices:   Evocations and Shapeshifting.
 S - a +1 helmet (worn)
 W - the cursed +0 buckler "Tethered Seer" (worn) {Self, Evo}
   (You found it on level 10 of the Dungeon)

   It has a curse which improves the following skills: Introspection: Fighting
   and Spellcasting.
   Devices:   Evocations and Shapeshifting.
Magical Staves
 V - a staff of death (weapon)
Jewellery
 a - an amulet of reflection
 j - a ring of resist corrosion
 o - a ring of fire
 q - the cursed ring of Ashenzari's Gnosis (right hand) {Wiz, Evo, Self}
   (You found it on level 3 of the Dungeon)

   [ring of wizardry]

   Wiz:       It improves your spell success rate.
   It has a curse which improves the following skills: Devices: Evocations and
   Shapeshifting.
   Introspection: Fighting and Spellcasting.
 F - the ring "Rufiequg" {*Corrode Will++ MP+9 Str+8 Int-5}
   (You took it off a tengu conjurer on level 14 of the Dungeon)

   [ring of magical power]

   Str+8:     It affects your strength (+8).
   Int-5:     It affects your intelligence (-5).
   Will++:    It greatly increases your willpower.
   MP+9:      It affects your magic capacity (+9).
   *Corrode:  It may corrode you when you take damage.
 N - the cursed ring "Ensconced Together" (left hand) {Will+, Self, Cun}
   (You found it on level 10 of the Dungeon)

   [ring of willpower]

   Will+:     It increases your willpower.
   It has a curse which improves the following skills: Introspection: Fighting
   and Spellcasting.
   Cunning:   Dodging and Stealth.
 O - a +4 ring of evasion
 P - the cursed amulet "Mantic Omen" (around neck) {Regen+, Self, Cun}
   (You found it on level 12 of the Dungeon)

   [amulet of regeneration]

   Regen+:    It increases your rate of health regeneration.
   It has a curse which improves the following skills: Introspection: Fighting
   and Spellcasting.
   Cunning:   Dodging and Stealth.
 T - a ring of protection from cold
 X - the ring "Payrph" {rElec Dex+6}
   (You found it on level 14 of the Dungeon)

   [ring of dexterity]

   Dex+6:     It affects your dexterity (+6).
   rElec:     It insulates you from electricity.
Talismans
 t - a granite talisman
Wands
 c - a wand of mindburst (24)
 w - a wand of flame (68)
 D - a wand of quicksilver (8)
 E - a wand of roots (32)
 G - a wand of polymorph (5)
 R - a wand of charming (13)
 Z - a wand of digging (15)
Scrolls
 d - 4 scrolls of revelation
 e - 2 scrolls of blinking
 f - 8 scrolls of enchant weapon
 h - a scroll of summoning
 k - 5 scrolls of teleportation
 l - a scroll of immolation
 p - a scroll of enchant armour
 u - 5 scrolls of fear
 y - 3 scrolls of fog
 z - a scroll of vulnerability
 C - 3 scrolls of poison
 J - a scroll of acquirement
Potions
 g - 2 potions of invisibility
 i - 2 potions of might
 m - 5 potions of resistance
 r - 12 potions of curing
 s - 8 potions of brilliance
 v - 7 potions of haste
 x - a potion of lignification
 B - a potion of berserk rage
 L - 2 potions of ambrosia
 Y - a potion of cancellation
Miscellaneous
 b - a removed chess piece
 A - a condenser vane
 I - a phial of floods


   Skills:
 - Level 9.1(13.3) Fighting
 - Level 10.5(12.7) Dodging
 - Level 1.5(3.1) Stealth
 - Level 10.0 Shields
 + Level 20.0(23.9) Spellcasting
 + Level 20.0 Conjurations
 + Level 20.0 Hexes
 + Level 20.0 Summonings
 + Level 20.0 Necromancy
 + Level 20.0 Translocations
 + Level 20.0 Fire Magic
 + Level 20.0 Ice Magic
 + Level 20.0 Air Magic
 + Level 20.0 Earth Magic
 + Level 20.0 Alchemy


You knew the following spells:

 Your Spells              Type           Power      Damage    Failure   Level
a - Foxfire               Conj/Fire      100%       2x1d9     0%          1
b - Scorch                Fire           100%       2d9       0%          2
c - Corpse                Rot            N/A        N/A       100%        7
d - Inner Flame           Hex/Fire       90%        N/A       0%          3
e - Flame Wave            Conj/Fire      90%        2d19      0%          4
f - Sting                 Conj/Alch      100%       1d9       0%          1
g - Fugue of the Fallen   Necr           100%       N/A       0%          3
h - Stone Arrow           Conj/Erth      100%       3d13      0%          3
i - Iron Shot             Conj/Erth      45%        9d9       1%          6
j - Sticky Flame          Fire/Alch      90%        2d14      0%          4
k - Borgnjor's Vile Clut  Necr/Erth      56%        N/A       0%          5
l - Bombard               Conj/Erth      45%        9d8       1%          6
m - Corpse                Rot            N/A        N/A       100%        7
n - Iron Shot             Conj/Erth      45%        9d9       1%          6
o - Conjure Ball Lightni  Conj/Air       45%        3x3d16    1%          6
Your spell library was empty.

Dungeon Overview and Level Annotations

Branches:
Dungeon (15/15)            Temple (1/1) D:7            Lair (5/5) D:11
 Shoals (0/4) Lair:2       Spider (3/4) Lair:2        Slime (0/5) Lair:4
    Orc (2/2) D:9             Elf (0/3) Orc:2        Vaults (0/5) D:13
 Depths (0/4) D:15

Altars:
Ashenzari
Cheibriados
Dithmenos
Elyvilon
Fedhas
Gozag
Hepliaklqana
Makhleb
Nemelex Xobeh
Okawaru
Qazlal
Ru
Trog
Uskayaw
Wu Jian
Xom
Yredelemnul
Zin
The Shining One
Beogh
Jiyva

Shops:
D:12 (   Orc:2 :([:**[[(


Innate Abilities, Weirdness & Mutations

You are immune to sickness and miasma.
You are immune to poison.
Your flesh is very heat resistant. (rF++)
You are vulnerable to cold. (rC-)
You float through the air rather than walking.
You learn spells naturally, not from books.
Your magical power is your life essence.
You have superior vitality. (+4 MHP)


Message History

The radroach barely misses you. The radroach closely misses you.
Casting: Flame Wave (safe; 0% risk of failure)
Confirm with . or Enter, or press ? or * to list all spells.
Casting: Flame Wave (safe; 0% risk of failure)
Press: ? - help, Dir - look around, f - activate A wave of flame ripples out!
The flame wave engulfs the radroach!
The radroach is moderately wounded.
The flame wave engulfs the wolf spider!!
You kill the wolf spider! (Press . to intensify the flame waves.)
You hear a faint skittering sound. x3
The culicivora chitters at the orb spider.
The orb spider is healed somewhat.
The radroach bites you! The radroach claws you!
A wave of flame ripples out!
The flame wave engulfs the radroach!
The radroach is heavily wounded.
You hear a faint skittering sound.
The jumping spider leaps!
The orb spider weaves a glowing orb of energy.
A redback comes into view. x2
The radroach bites you! The radroach claws you.
An orb of destruction comes into view.
A wave of flame ripples out!
The flame wave engulfs the radroach!
The radroach is severely wounded.
The flame wave engulfs the jumping spider!!
The jumping spider is severely wounded.
The flame wave engulfs the orb spider!!
The orb spider is severely wounded.
The flame wave engulfs the orb spider!!
The orb spider is severely wounded.
You finish channelling waves of flame.
You hear a faint skittering sound.
A redback comes into view.
The orb spider spins a strand of pure energy.
The radroach erupts in a fountain of uncontrolled magic!
You are blasted with magical radiation!!!
* * * LOW HITPOINT WARNING * * *
You are very lightly contaminated with residual magic.
The orb of destruction hits you!!!
You die...

...^. ### ....#
#^.##....# .
#...#...# s ...
...#.s.#s.
....##...☼s..ss
........○..[...
....y.B@s.s....
####....(.#.(..
.......s..# .
.......s..w#
######.......
.........
...^#.....
.....#.....


You could see a radroach, a steelbarb worm, a sun moth, a wolf spider, 2 orb
spiders, 2 culicivoras, a jumping spider and 4 redbacks.

Vanquished Creatures
  Jorgrun (Orc:1)
  Rupert (D:13)
  A storm dragon (D:14)
  Roxanne (Spider:1)
  2 orc warlords (Orc:2)
  A ghost moth (Spider:1)
  Louise (D:15)
  The ghost of vurker the Slicer, a journeyman VSEn of Makhleb (D:12)
  Snorg (D:10)
  6 boulder beetles
  6 hydras
  9 centaur warriors
  A great orb of eyes (D:14)
  2 ogre magi (D:15)
  A catoblepas (Lair:4)
  Erica (Orc:1)
  A merfolk avatar (Lair:5)
  15 two-headed ogres
  A radroach (Spider:1)
  4 tengu warriors
  A demonic crawler (Spider:2)
  4 orc high priests
  Urug (Lair:5)
  Sonja (Lair:5)
  A skeletal warrior (D:13)
  4 pharaoh ants
  A sea snake (Lair:5)
  Pikel (D:6)
  An orb spider (Spider:2)
  An occultist (D:15)
  3 deep elf pyromancers
  A harpy (Lair:5)
  4 steelbarb worms
  A necromancer (D:15)
  3 orc knights (Orc:2)
  16 ugly things
  A wolf spider zombie (D:12)
  4 oklob plants
  7 wolf spiders
  5 orc sorcerers
  5 cyclopes
  4 manticores
  A manticore (shapeshifter) (D:14)
  11 elephants
  A meliai (D:14)
  A spectral centaur (D:12)
  2 merfolk sirens (Lair:2)
  A rust devil (D:15)
  5 black mambas
  A naga mage (D:15)
  Joseph (D:9)
  A smoke demon (D:14)
  4 torpor snails
  3 gargoyles
  7 rime drakes
  2 kobold demonologists
  12 cane toads
  5 centaur skeletons
  8 komodo dragons
  3 tengu conjurers
  A spectral redback (D:12)
  An ice devil (D:14)
  3 yaktaurs (D:13)
  4 trolls
  A harpy zombie (D:15)
  13 hornets
  8 tarantellas
  3 polar bears
  19 blink frogs
  4 dream sheep (Lair:5)
  A raiju (shapeshifter) (D:13)
  4 centaur simulacra
  13 jumping spiders (Spider:1)
  4 shadows
  2 snapping turtles (Lair:5)
  3 slime creatures (D:15)
  8 culicivoras
  4 wyverns
  2 vampires
  5 water elementals (D:15)
  3 wraiths
  49 yaks
  8 basilisks
  Grum (D:10)
  22 redbacks
  3 steam dragons
  8 vampire mosquitoes
  4 wargs
  3 acid dragons
  15 water moccasins
  30 orc warriors
  An ice beast (D:6)
  2 sky beasts
  12 ogres
  3 black bears
  14 wolves
  A phantom (D:4)
  5 centaurs
  3 kobold brigands
  2 lemures (D:6)
  8 bullfrogs
  A scorpion (Lair:2)
  5 wights (D:8)
  2 hornet simulacra (D:12)
  6 killer bees (D:9)
  4 howler monkeys
  3 electric eels (D:15)
  4 crimson imps (D:14)
  6 hounds
  3 jellies
  3 gnoll boudas
  13 orc priests
  A spectral boggart (D:12)
  3 iguanas
  8 orc wizards
  4 hell rats (Lair:4)
  3 boggart simulacra
  2 adders
  19 gnolls
  3 shadow imps (D:8)
  4 white imps (D:14)
  A ribbon worm (D:2)
  5 dart slugs
  72 orcs
  4 bats
  2 endoplasms
  A giant cockroach (D:3)
  8 goblins
  A hobgoblin (D:3)
  4 jackals (D:5)
  4 quokkas
  7 ball pythons
  14 frilled lizards
  16 kobolds
  12 rats
  4 foxfires (D:15)
748 creatures vanquished.

Vanquished Creatures (collateral kills)
  25 foxfires
25 creatures vanquished.

Vanquished Creatures (others)
  An unseen horror (D:11)
  A komodo dragon (Lair:5)
  A human (D:7)
  16 ball lightnings
  1429 foxfires
1448 creatures vanquished.

Grand Total: 2221 creatures vanquished

Notes
Turn   | Place    | Note
-------+----------+-------------------------------------------
     0 | D:1      | Alarak the Djinni Fire Elementalist began the quest for the
                  | Orb.
     0 | D:1      | Alarak set off with the following spells memorised:
                  | Foxfire, Scorch, Conjure Flame, Inner Flame, Flame Wave.
     0 | D:1      | Reached XP level 1. HP: 15/15 MP: 0/0
   684 | D:1      | Reached XP level 2. HP: 18/21 MP: 0/0
   909 | D:1      | Found a faded altar of an unknown god.
  1026 | D:1      | Reached XP level 3. HP: 21/25 MP: 0/0
  1026 | D:1      | Learned a level 1 spell: Sting
  2356 | D:2      | Reached XP level 4. HP: 17/31 MP: 0/0
  3430 | D:3      | Found a shadowy altar of Dithmenos.
  3432 | D:3      | Found a stormy altar of Qazlal.
  3753 | D:3      | Reached XP level 5. HP: 25/35 MP: 0/0
  3753 | D:3      | Learned a level 3 spell: Fugue of the Fallen
  5157 | D:4      | Reached XP level 6. HP: 37/40 MP: 0/0
  5393 | D:4      | You are sucked into a shaft and drop 3 floors!
  5435 | D:7      | Reached skill level 5 in Spellcasting
  5900 | D:7      | Found a staircase to the Ecumenical Temple.
  5909 | Temple   | Entered the Ecumenical Temple
  5929 | Temple   | Became a worshipper of Ashenzari the Shackled
  5960 | D:7      | Reached XP level 7. HP: 36/45 MP: 0/0
  5960 | D:7      | Learned a level 3 spell: Stone Arrow
  6415 | D:6      | Noticed a water moccasin
  6420 | D:6      | Killed a water moccasin
  6730 | D:5      | Entered Level 5 of the Dungeon
  6753 | D:5      | Reached XP level 8. HP: 16/50 MP: 0/0
  9182 | D:6      | Found a shimmering altar of Xom.
  9182 | D:6      | Found a shimmering altar of Xom.
  9184 | D:6      | Found a shimmering altar of Xom.
  9184 | D:6      | Found a shimmering altar of Xom.
  9184 | D:6      | Found a shimmering altar of Xom.
  9184 | D:6      | Found a shimmering altar of Xom.
  9185 | D:6      | Found a shimmering altar of Xom.
  9186 | D:6      | Found a shimmering altar of Xom.
  9187 | D:6      | Found a shimmering altar of Xom.
  9427 | D:6      | Noticed Pikel
  9434 | D:6      | Killed Pikel
  9435 | D:6      | Reached XP level 9. HP: 39/55 MP: 0/0
  9435 | D:6      | Learned a level 7 spell: Corpse Rot
  9631 | D:6      | Found a sacrificial altar of Ru.
 10648 | D:8      | Reached skill level 10 in Spellcasting
 11067 | D:8      | Reached XP level 10. HP: 49/60 MP: 0/0
 11469 | D:8      | Found a transporter.
 11469 | D:8      | Noticed a kobold demonologist
 11484 | D:8      | Found a transporter.
 11926 | D:8      | Found a sparkling altar of Nemelex Xobeh.
 11950 | D:8      | Found an iron altar of Okawaru.
 12503 | D:8      | Reached skill level 1 in Fighting
 12508 | D:8      | Killed a kobold demonologist
 13622 | D:9      | Reached skill level 5 in Fighting
 13622 | D:9      | Noticed Joseph
 13631 | D:9      | Killed Joseph
 13795 | D:9      | Reached XP level 11. HP: 49/80 MP: 0/0
 13795 | D:9      | Learned a level 4 spell: Sticky Flame
 14201 | D:9      | Found a glowing golden altar of the Shining One.
 14856 | D:9      | Found a staircase to the Orcish Mines.
 14885 | D:9      | Reached * piety under Ashenzari
 14979 | D:10     | Entered Level 10 of the Dungeon
 14979 | D:10     | Noticed Grum
 15147 | D:10     | Noticed a two-headed ogre
 15152 | D:10     | Killed a two-headed ogre
 15161 | D:10     | Noticed Snorg
 15446 | D:10     | Killed Grum
 15703 | D:10     | Found a snail-covered altar of Cheibriados.
 15750 | D:10     | Identified the +6 whip "Grim" {spect, *Slow Str+5 Dex+3}
 15825 | D:10     | Reached skill level 5 in Dodging
 15991 | D:10     | Killed Snorg
 16256 | D:10     | Noticed a two-headed ogre
 16264 | D:10     | Killed a two-headed ogre
 16355 | D:11     | Noticed a cyclops
 16367 | D:11     | Killed a cyclops
 16487 | D:11     | Noticed a cyclops
 16497 | D:11     | Killed a cyclops
 16578 | D:11     | Noticed an oklob plant
 16582 | D:11     | Noticed an oklob plant
 17199 | D:11     | Killed an oklob plant
 17200 | D:11     | Reached XP level 12. HP: 82/92 MP: 0/0
 17237 | D:11     | Found a staircase to the Lair.
 17715 | D:11     | Reached skill level 10 in Dodging
 17760 | D:11     | Noticed a two-headed ogre
 17764 | D:11     | Killed a two-headed ogre
 18282 | D:12     | Identified the +0 plate armour of Agoraphobia {rElec rPois
                  | Str+4}
 18432 | D:12     | Found a runed translucent gate.
 18432 | D:12     | Found a runed translucent gate.
 18434 | D:12     | Found a runed translucent gate.
 18655 | D:12     | Noticed vurker's ghost (journeyman VSEn)
 18669 | D:12     | Noticed a two-headed ogre
 18673 | D:12     | Killed a two-headed ogre
 18869 | D:12     | Identified the +2 ring mail of the Turtle {Drain rF+
                  | Will+++}
 18887 | D:12     | Reached ** piety under Ashenzari
 19074 | D:12     | Found Huedgh's Weapon Emporium.
 19982 | D:12     | Killed vurker's ghost
 20358 | D:13     | Noticed a two-headed ogre
 20358 | D:13     | Noticed a centaur warrior
 20366 | D:13     | Killed a two-headed ogre
 20371 | D:13     | Killed a centaur warrior
 20372 | D:13     | Reached XP level 13. HP: 35/100 MP: 0/0
 20372 | D:13     | Learned a level 5 spell: Borgnjor's Vile Clutch
 20521 | D:13     | Noticed a centaur warrior
 20535 | D:13     | Killed a centaur warrior
 20851 | D:13     | HP: 3/100 [chaos spawn[a kobold demonologist] (3)]
 21104 | D:13     | Found a gate to the Vaults.
 21162 | D:13     | Noticed Rupert
 21175 | D:13     | Killed Rupert
 21776 | Lair:1   | Entered Level 1 of the Lair of Beasts
 22700 | Lair:2   | Found a staircase to the Shoals.
 22826 | Lair:2   | Reached XP level 14. HP: 98/106 MP: 0/0
 23067 | Lair:2   | Found a hole to the Spider Nest.
 23335 | Lair:3   | Reached skill level 15 in Spellcasting
 23773 | Lair:3   | Identified a scroll of acquirement
 24446 | Lair:3   | Reached skill level 1 in Shields
 24532 | Lair:4   | Found a viscous altar of Jiyva.
 24532 | Lair:4   | Found a staircase to the Slime Pits.
 24894 | Lair:5   | Entered Level 5 of the Lair of Beasts
 25165 | Lair:5   | Reached skill level 5 in Shields
 25397 | Lair:5   | Reached XP level 15. HP: 10/112 MP: 0/0
 25397 | Lair:5   | Learned a level 6 spell: Iron Shot
 25656 | Lair:5   | Noticed Sonja
 25659 | Lair:5   | Killed Sonja
 25723 | Lair:5   | Reached *** piety under Ashenzari
 25981 | Lair:5   | Noticed Urug
 26004 | Lair:5   | Killed Urug
 26005 | Lair:5   | Reached skill level 10 in Shields
 26909 | Orc:1    | Entered Level 1 of the Orcish Mines
 26917 | Orc:1    | Noticed Jorgrun
 26955 | Orc:1    | Killed Jorgrun
 27014 | Orc:1    | Noticed Erica
 27020 | Orc:1    | Killed Erica
 27185 | Orc:2    | Entered Level 2 of the Orcish Mines
 27219 | Orc:2    | Found Juawid's General Store.
 27268 | Orc:2    | Upgraded the game from 0.29-a0-994-gc5c9f59d18 to
                  | 0.29-a0-1019-g84f7d21838
 27281 | Orc:2    | Noticed an orc warlord
 27283 | Orc:2    | Found a staircase to the Elven Halls.
 27336 | Orc:2    | Upgraded the game from 0.29-a0-1019-g84f7d21838 to
                  | 0.30-a0-6-g7c9e10e132
 27336 | Orc:2    | Upgraded the game from 0.30-a0-6-g7c9e10e132 to
                  | 0.30-a0-34-gbe8da3892a
 27409 | Orc:2    | Found Dyj Ydir's Book Shop.
 27416 | Orc:2    | Found Yreot's Assorted Antiques.
 27474 | Orc:2    | Acquired the +3 buckler "Gussay" {rElec rC+ Int+3 Dex+3}
 27521 | Orc:2    | Noticed an orc warlord
 27528 | Orc:2    | Killed an orc warlord
 27541 | Orc:2    | Found Xequm's Antique Armour Shoppe.
 27672 | Orc:2    | Found Rauxir's Antique Weapon Boutique.
 27688 | Orc:2    | Upgraded the game from 0.30-a0-34-gbe8da3892a to
                  | 0.30-a0-118-ga018f8e90f
 27688 | Orc:2    | Upgraded the game from 0.30-a0-118-ga018f8e90f to
                  | 0.30-a0-779-g7971cf19c3
 27759 | Orc:2    | Found Mehaufes's Book Emporium.
 27782 | Orc:2    | Found Xayl's Antique Armour Shoppe.
 27863 | Orc:2    | Found Jagyvo's Armour Emporium.
 27883 | Orc:2    | Killed an orc warlord
 27928 | Orc:2    | Found Ugeawierr's Weapon Boutique.
 28246 | Orc:2    | Upgraded the game from 0.30-a0-779-g7971cf19c3 to
                  | 0.32-a0-407-g4da7c8d6d1
 28300 | Orc:2    | Bought a potion of heal wounds for 55 gold pieces
 29017 | D:14     | Reached XP level 16. HP: 121/121 MP: 0/0
 29017 | D:14     | Learned a level 7 spell: Corpse Rot
 29017 | D:14     | Learned a level 6 spell: Iron Shot
 29420 | D:14     | Identified the ring "Rufiequg" {*Corrode Will++ MP+9 Str+8
                  | Int-5}
 29524 | D:14     | Noticed a storm dragon
 29888 | D:14     | Killed a storm dragon
 30006 | D:14     | Identified the ring "Payrph" {rElec Dex+6}
 30103 | D:15     | Entered Level 15 of the Dungeon
 30431 | D:15     | Found a staircase to the Depths.
 30624 | D:15     | Found a burning altar of Makhleb.
 30729 | D:15     | Reached XP level 17. HP: 54/127 MP: 0/0
 30729 | D:15     | Learned a level 6 spell: Conjure Ball Lightning
 30737 | D:15     | Noticed Louise
 30749 | D:15     | Killed Louise
 31222 | Spider:1 | Entered Level 1 of the Spider Nest
 33014 | Spider:1 | Noticed Roxanne
 33061 | Spider:1 | Killed Roxanne
 33659 | Spider:3 | Blown up by an orb spider

Illustrated notes

Levels and vault maps discovered:
D:1:      dpeg_arrival_lava_altar, layout_loops_ring,
          nicolae_ecumenical_snake_handling, amethyst_killhole,
          minmay_crystal_water, minmay_lizard_king
D:2:      layout_basic
D:3:      layout_basic, jmf_multi_god_temple, minmay_misc_feat_tower,
          glass_columns_a, chequers_serial_rivers_micro_d
D:4:      layout_basic
D:5:      layout_layer_cave
D:6:      layout_basic, xom_redecorated, nicolae_ru_the_path_less_chosen,
          uniq_pikel
D:7:      layout_gridville, tgw_kikubaaqudgha, minmay_temple_entry_sparse_star
D:8:      gammafunk_wand_slinger, layout_basic, marbit_many_paths,
          mainiacjoe_overflow_tiny_flanked
D:9:      layout_long_grid, amethyst_overflow_temple_binary, hiddenorc1_lemuel,
          nzn_life_drinkers, uniq_joseph
D:10:     layout_gridville, kennysheep_slug_shrine, kennysheep_boxes,
          uniq_snorg, uniq_grum
D:11:     layout_roguey, dpeg_oklobed_lair, chequers_serial_rivers_large_a
D:12:     layout_basic, gammafunk_ghost_necromancy, serial_shops,
          nicolae_take_the_stairs, serial_corexii_hall, corexii_hall_statues_u,
          chequers_hall_statues_wall_a
D:13:     layout_basic, hangedman_vaults_entry_quadrant_bands, uniq_rupert
D:14:     minmay_expanding_squares, layout_stronghold, palyth_stone_intersect,
          minmay_fire_ice_demons
D:15:     grunt_enter_depths_magical_seal, layout_basic, hex_tiny,
          chequers_decorated_corner, demons_altar, uniq_louise
Temple:   hellmonk_temple_two_chambers
Lair:1:   layout_chaotic_city, dreamdust_wasp_nest, lemuel_fruit_tree
Lair:2:   layout_layer_cave, elwin_shoals_entry_rooms, dummy_spider_entry
Lair:3:   layout_misc_corridors, serial_rivers, chequers_serial_rivers_small_a,
          chequers_serial_rivers_room_b, chequers_serial_rivers_micro_b,
          chequers_serial_rivers_room_b, chequers_serial_rivers_room_a,
          small_statue_intersection, small_statue_intersection,
          minmay_lair_oklob_bushes
Lair:4:   layout_roguey, dpeg_slime_entry_enclosed
Lair:5:   gammafunk_lair_ancient_temple, layout_layer_cave, grunt_megastairs_3,
          uniq_urug, uniq_sonja
Spider:1: layout_spider_delve, uniq_roxanne
Spider:2: layout_spider_delve
Spider:3: layout_spider_delve, special_room [special_room_bee],
          nicolae_spider_solar_radiation
Orc:1:    layout_caves, uniq_jorgrun, uniq_erica
Orc:2:    grunt_orc_gardens, layout_caves, grunt_orc_garden, grunt_orc_garden,
          grunt_orc_garden, grunt_orc_garden, serial_shops,
          nicolae_diamond_shop, shop, shop, nicolae_shop_behind_doors,
          nicolae_shop_hallway_plus, basic_altar, mines1_david

Skill      XL: |  1  2  3  4  5  6  7  8  9 10 11 12 13 14 15 16 17 |
---------------+----------------------------------------------------+-----
Spellcasting   | 3 4 5 6 9 10 11 12 14 15 16 19 20 | 20.0
Fighting       | 7 9 |  9.1
Dodging        | 8 10 | 10.5
Shields        | 7 10 | 10.0
Conjurations   | 19 20 | 20.0
Hexes          | 19 20 | 20.0
Summonings     | 19 20 | 20.0
Necromancy     | 19 20 | 20.0
Translocations | 19 20 | 20.0
Fire Magic     | 19 20 | 20.0
Ice Magic      | 19 20 | 20.0
Air Magic      | 19 20 | 20.0
Earth Magic    | 19 20 | 20.0
Alchemy        | 19 20 | 20.0
Stealth        | |  1.5

Action                     |  1- 3 |  4- 6 |  7- 9 | 10-12 | 13-15 | 16-18 || total
---------------------------+-------+-------+-------+-------+-------+-------++-------
  Melee: Unarmed           |     2 |       |       |       |       |       ||     2
         Dagger            |       |       |       |       |     1 |       ||     1
         Staff             |       |       |       |       |       |     2 ||     2
   Cast: Foxfire           |   100 |    66 |    61 |   175 |   164 |   284 ||   850
         Scorch            |     7 |    38 |    19 |    74 |    78 |     2 ||   218
         Inner Flame       |       |     6 |    56 |   109 |   192 |    53 ||   416
         Flame Wave        |       |       |     2 |     6 |    13 |    23 ||    44
         Stone Arrow       |       |       |    11 |    44 |   108 |       ||   163
         Corpse Rot        |       |       |     1 |     1 |       |       ||     2
         Borgnjor's Vile C |       |       |       |       |    63 |    89 ||   152
         Iron Shot         |       |       |       |       |    96 |       ||    96
         Bombard           |       |       |       |       |     7 |    84 ||    91
         Sticky Flame      |       |       |       |       |     1 |       ||     1
         Conjure Ball Ligh |       |       |       |       |       |     8 ||     8
 Invoke: Curse Item        |       |       |     1 |     2 |     3 |       ||     6
         Shatter the Chain |       |       |       |       |     1 |       ||     1
    Use: Scroll            |       |     2 |     1 |     4 |    10 |     1 ||    18
         Potion            |       |       |       |     1 |     4 |     3 ||     8
 Armour: Robe              |       |     2 |     1 |     9 |     1 |       ||    13
         Troll leather arm |       |       |       |       |    41 |   155 ||   196
  Dodge: Dodged            |     2 |     4 |     5 |    46 |   137 |   142 ||   336
  Block: Buckler           |       |       |       |       |    38 |    56 ||    94

Table legend: (Time is in decaauts)
 A = Elapsed time spent in this place.
 B = Non-inter-level travel time spent in this place.
 C = Inter-level travel time spent in this place.
 D = Time resting spent in this place.
 E = Time spent auto-exploring this place.
 F = Levels seen in this place.
 G = Mean time per level.
                   A        B        C        D        E       F      G
               +--------+--------+--------+--------+--------+-----+--------+
         Total |  33709 |  31599 |   2110 |   8385 |  19362 |  26 | 1296.5 |
       Dungeon |  24597 |  23260 |   1337 |   7321 |  13678 |  15 | 1639.8 |
        Temple |     24 |     13 |     11 |      0 |     10 |   1 |   24.0 |
          Lair |   5233 |   4633 |    600 |    701 |   3061 |   5 | 1046.6 |
   Spider Nest |   2449 |   2392 |     57 |    133 |   1891 |   3 |  816.3 |
  Orcish Mines |   1405 |   1301 |    104 |    230 |    722 |   2 |  702.5 |
               +--------+--------+--------+--------+--------+-----+--------+

Top non-repeatable levels by time:
     D:8: 2328 daAuts
     D:9: 2241 daAuts
    D:11: 2133 daAuts
Spider:1: 2029 daAuts
    D:12: 1873 daAuts
     D:3: 1851 daAuts
     D:7: 1748 daAuts
    D:13: 1727 daAuts
     D:1: 1698 daAuts
     D:5: 1694 daAuts
  Lair:5: 1513 daAuts
    D:14: 1445 daAuts
     D:2: 1379 daAuts
     D:6: 1279 daAuts
     D:4: 1178 daAuts
